Map: Catalyst LE

Players

ThongYa

  • Race: Terran Terran
  • League: Gold
  • Spawn Location: 5:00

ProbePrince - Winner!

  • Race: Zerg Zerg
  • Spawn Location: 11:00

VOD

Have the link to the VOD?

Description

Time

  • Played on: May 9, 2018, 6:41 a.m.
  • Length: 13:26
Show
View Real Time Build Order
Export as new Build Order

ThongYa Terran 

Build Orders: Reaper Expand, MMM Bio 

Get SALT Encoding   

  12  0:01  SCV  
  13  0:13  SCV  
  14  0:20  Supply Depot  
  14  0:25  SCV  
  15  0:29  Refinery  
  15  0:41  SCV  
  16  0:47  Barracks  
  16  0:53  SCV  
  17  1:05  SCV  
  18  1:17  SCV  
  19  1:34  Orbital Command, Reaper  
  20  1:46  Command Center  
  20  1:57  Barracks  
  20  2:00  SCV  
  21  2:10  Marine  
  21  2:15  SCV, Supply Depot  
  23  2:27  Barracks  
  23  2:29  Barracks Reactor  
  23  2:37  SCV  
  24  3:09  Barracks Tech Lab  
  22  3:17  SCV  
  23  3:20  Refinery  
  23  3:24  Engineering Bay, Marine x3  
  26  3:35  SCV  
  26  3:38  Orbital Command  
  27  3:46  Marine x2  
  27  3:48  Stimpack  
  29  3:50  Barracks Reactor  
  29  4:01  Factory  
  29  4:16  SCV  
  31  4:24  SCV  
  31  4:27  Marine x3  
  31  4:28  SCV  
  31  4:29  Marine  
  36  4:36  Missile Turret  
  36  4:37  Terran Infantry Weapons Level 1  
  36  4:41  SCV x2  
  38  4:46  Factory Tech Lab  
  38  4:53  Starport, SCV x2  
  40  5:00  Supply Depot  
  40  5:01  Supply Depot  
  40  5:04  Marine x4  
  40  5:07  SCV x2  
  46  5:18  Supply Depot  
  46  5:21  Siege Tank, SCV x2  
  42  5:38  Marine x3  
  42  5:39  Marine  
  42  5:41  SCV x2  
  47  5:53  SCV  
  48  5:59  Marine x2  
  48  6:00  SCV  
  48  6:03  Combat Shields  
  51  6:05  SCV  
  51  6:07  Starport Reactor  
  51  6:09  Missile Turret  
  52  6:12  SCV  
  52  6:16  Marine x2  
  52  6:17  Marine  
  52  6:18  Refinery, SCV, Siege Tank  
  60  6:24  SCV  
  60  6:25  Engineering Bay  
  61  6:28  Armory  
  61  6:30  Supply Depot  
  60  6:33  Marine x2, Supply Depot  
  60  6:34  Marine x2  
  64  6:44  Marauder  
  66  6:50  Siege Tank  
  66  6:51  Marine x2  
  66  6:52  Marine x2  
  73  7:06  Marauder  
  69  7:08  Marine  
  69  7:09  Marine  
  69  7:10  Marine x2  
  69  7:11  Terran Infantry Armor Level 1  
  73  7:17  SCV x2  
  73  7:22  Siege Tank  
  78  7:24  Medivac  
  78  7:26  Marine  
  78  7:27  Marauder, Marine  
  78  7:29  SCV  
  85  7:30  SCV  
  85  7:31  Refinery  
  85  7:34  Supply Depot  
  86  7:41  Terran Infantry Weapons Level 2  
  86  7:43  Barracks  
  86  7:45  Barracks  
  86  7:47  Supply Depot  
  86  7:50  Supply Depot  
  86  7:56  Marauder, Marine x3, SCV  
  92  8:01  Widow Mine  
  93  8:08  Medivac  
  95  8:17  Marauder  
  96  8:22  Marine  
  96  8:23  Marine x3  
  100  8:28  Medivac  
  100  8:31  Barracks Tech Lab  
  100  8:33  Barracks Tech Lab  
  102  8:38  Medivac  
  102  8:39  Marauder  
  102  8:40  Marine x2  
  102  8:41  Marine x2  
  110  8:43  Command Center  
  110  8:49  Terran Vehicle Weapons Level 1  
  110  9:07  Marauder  
  110  9:33  Marine  
  110  9:34  Marine  
  110  9:36  Marine x2  
  110  9:38  Marauder  
  87  9:59  Marauder  
  85  10:04  Marine  
  85  10:05  Marine x5  
  80  10:11  Missile Turret  
  72  10:20  Marauder  
  63  10:22  Marine x2  
  63  10:23  Marine  
  64  10:33  Viking x2  
  64  10:35  Widow Mine  
  62  10:36  Marine x3  
  62  10:40  Marine x3  
  62  10:41  Marine  
  69  10:43  Missile Turret  
  69  10:49  Missile Turret  
  62  10:54  Marine x3  
  62  10:56  Widow Mine  
  49  11:43  Command Center  
  49  11:52  Missile Turret  
  49  12:00  SCV  
  50  12:01  Missile Turret  
  50  12:12  SCV  
  24  12:24  SCV  
  21  12:32  Marine x5  
  21  12:33  Marine x2  
  21  12:36  SCV  
  25  12:50  Marine x7  
  32  12:52  Missile Turret  
  32  13:08  Marine x5  
Show
View Real Time Build Order
Export as new Build Order

ProbePrince Zerg - Winner!

Build Orders: Pool First, Muta Ling Bane 

Get SALT Encoding   

  12  0:01  Drone  
  13  0:13  Overlord  
  13  0:24  Drone  
  14  0:34  Drone x2  
  16  0:36  Drone  
  16  0:42  Extractor  
  16  0:45  Drone  
  17  0:53  Spawning Pool  
  17  0:56  Drone  
  17  1:07  Drone  
  18  1:19  Drone  
  19  1:27  Hatchery  
  19  1:31  Drone  
  19  1:39  Drone  
  20  1:43  Metabolic Boost  
  20  1:50  Overlord  
  20  1:59  Queen  
  22  2:10  Zergling x2  
  23  2:15  Drone  
  23  2:22  Drone  
  25  2:33  Drone, Baneling Nest  
  25  2:39  Queen  
  25  2:42  Lair  
  25  2:44  Drone  
  28  2:46  Drone  
  29  2:56  Drone x2  
  30  3:07  Drone  
  30  3:08  Drone  
  30  3:10  Drone x3  
  35  3:18  Evolution Chamber  
  34  3:20  Evolution Chamber  
  34  3:21  Overlord  
  33  3:27  Zergling x2  
  33  3:28  Zergling x2  
  35  3:53  Centrifical Hooks  
  35  3:56  Drone x2  
  35  3:57  Zergling x14  
  35  3:59  Extractor  
  35  4:02  Extractor  
  42  4:06  Overlord x2  
  42  4:16  Zerg Melee Weapons Level 1  
  42  4:27  Queen  
  44  4:35  Drone x4  
  44  4:36  Hatchery, Drone x2  
  49  4:38  Drone  
  49  4:44  Overlord  
  50  4:46  Drone  
  51  5:00  Baneling x4  
  51  5:04  Drone  
  51  5:05  Drone x5  
  51  5:06  Drone  
  58  5:19  Zerg Ground Armor Level 1  
  51  5:36  Zergling x20  
  59  5:43  Zergling x2  
  60  6:00  Zergling x2  
  60  6:01  Zergling x6  
  64  6:08  Drone  
  64  6:09  Overlord  
  65  6:17  Drone  
  66  6:28  Spire  
  66  6:31  Zergling x6  
  66  6:32  Zergling x12  
  74  6:33  Zerg Melee Weapons Level 2  
  74  6:35  Overlord x4  
  74  6:39  Baneling x4  
  74  6:40  Baneling  
  74  6:43  Hatchery  
  72  6:48  Baneling x2  
  72  6:49  Zergling x2  
  73  6:56  Zergling x12  
  65  7:23  Drone x3  
  65  7:24  Drone x2  
  70  7:32  Queen  
  72  7:39  Mutalisk  
  72  7:40  Mutalisk x4  
  72  7:41  Mutalisk  
  72  7:42  Zergling x8  
  72  7:43  Zergling x4  
  90  8:09  Mutalisk x2  
  90  8:10  Drone  
  90  8:11  Zergling x20  
  90  8:12  Zergling x2  
  96  8:22  Mutalisk  
  96  8:24  Zergling x2  
  96  8:25  Zergling x4  
  101  8:41  Drone x2, Overlord x2  
  103  8:42  Drone x2, Overlord  
  103  8:43  Zergling x4  
  103  8:45  Baneling x2  
  103  8:46  Baneling x2  
  107  8:49  Mutalisk  
  107  8:52  Zergling x6  
  112  8:57  Zerg Missile Weapons Level 1  
  105  9:12  Mutalisk  
  105  9:13  Zergling x2  
  105  9:14  Zergling x4  
  110  9:30  Mutalisk  
  112  9:32  Hatchery  
  112  9:37  Zerg Flyer Weapons Level 1  
  105  9:43  Baneling x2  
  98  9:51  Zergling x2  
  98  9:52  Zergling x28  
  99  9:58  Zergling x2  
  91  10:06  Zergling x4  
  91  10:14  Zergling x10  
  93  10:39  Drone  
  93  10:40  Drone x2  
  93  10:41  Zergling x14  
  103  10:48  Hatchery  
  96  11:05  Zergling x2  
  96  11:06  Zergling x6  
  96  11:07  Mutalisk  
  96  11:08  Mutalisk x3  
  73  11:21  Mutalisk x4  
  81  11:29  Drone x3  
  81  11:31  Extractor  
  83  11:37  Queen  
  85  11:44  Drone x4  
  85  11:45  Mutalisk x2  
  85  11:46  Zergling x4  
  98  11:47  Zergling x8  
  101  11:57  Zergling x2  
  101  11:58  Zergling x8  
  105  12:15  Zergling x10  
  102  12:16  Zergling x12  
  106  12:29  Extractor  
  106  12:30  Drone x4  
  106  12:33  Mutalisk  
  111  12:43  Overlord x3  
  111  12:49  Extractor  
  110  13:00  Drone  
  110  13:05  Drone x3  
  113  13:06  Drone  
Tags
 
Add a new tag
Caveats
  • Supply blocks, unpowered buildings, or Contaminate may cause inaccurate times.
  • Supply counts are checked every 10 seconds.